 Dungeon Crawl Stone Soup version 0.30-a0-385-gfebfb9b408 (webtiles) character file.

Game seed: 510766006679243257

211 IdlyInterested the Conjurer (level 5, -4/40 HPs)
             Began as a Demonspawn Wanderer on Nov 21, 2022.
             Killed by divine providence
             ... invoked by an orc priest
              (13 damage)
             ... on level 4 of the Dungeon on Dec 2, 2022.
             The game lasted 00:15:09 (3386 turns).

IdlyInterested the Conjurer (Demonspawn Wanderer)   Turns: 3386, Time: 00:15:10

Health: -4/40      AC:  5    Str: 10 (11) XL:     5   Next: 57%
Magic:  9/9        EV: 16    Int: 14 (16) God:
Gold:   245        SH:  0    Dex: 10 (13) Spells: 3/9 levels left

rFire   . . .      SeeInvis .    a - +1 quarterstaff
rCold   . . .      Faith    .    (shield currently unavailable)
rNeg    . . .      Spirit   .    j - +0 robe
rPois   .          Reflect  .    q - +0 helmet
rElec   .          Harm     .    B - +1 cloak
rCorr   .          Rampage  .    (no gloves)
Will    .....                    (no boots)
Stlth   +.........               (no amulet)
HPRegen 0.26/turn                c - +4 ring of evasion
MPRegen 0.11/turn                (no ring)

@: no status effects
A: hooves 1, powered by pain 1
a: no special abilities


You were on level 4 of the Dungeon.
You visited 1 branch of the dungeon, and saw 4 of its levels.

You collected 245 gold pieces.

Inventory:

Hand Weapons
 a - a +1 quarterstaff (weapon)
 b - a +1 vorpal spear
 i - a +1 dagger of venom
 l - a +0 short sword
 m - a +0 dagger
Missiles
 f - 4 boomerangs
 n - 9 poisoned darts
 r - 8 atropa-tipped darts
 s - 42 stones
Armour
 j - a +0 robe (worn)
 q - a +0 helmet (worn)
 u - the +4 chain mail of the Turtledove {rPois Will+ rCorr}
   (You found it on level 2 of the Dungeon)

   rPois:     It protects you from poison.
   rCorr:     It protects you from acid and corrosion.
   Will:      It increases your willpower.
 x - a +3 plate armour
 B - a +1 cloak (worn)
Jewellery
 c - a +4 ring of evasion (left hand)
Scrolls
 h - 4 scrolls of teleportation
Potions
 e - a potion of cancellation
 g - a potion of magic
 p - a potion of lignification {unknown}
 t - a potion of berserk rage {unknown}
 z - a potion of attraction


   Skills:
 * Level 2.8 Fighting
 - Level 2.0 Staves
 - Level 1.0 Throwing
 - Level 1.0 Armour
 - Level 3.0 Dodging
 * Level 0.2 Stealth
 * Level 2.8 Spellcasting
 - Level 4.0 Conjurations


You had 3 spell levels left.
You knew the following spells:

 Your Spells              Type           Power      Damage    Failure   Level
a - Magic Dart            Conj           52%        1d5       4%          1
b - Foxfire               Conj/Fire      28%        2x1d5     10%         1
c - Sticky Flame          Conj/Fire      7%         2d3       67%         4

Your spell library contained the following spells:

 Spells                   Type           Power      Damage    Failure   Level
 Sting                    Tmut/Pois      4%         1d3       22%         1
 Poisonous Vapours        Pois/Air       2%         N/A       32%         2
 Olgreb's Toxic Radiance  Pois           1%         N/A       91%         4


Dungeon Overview and Level Annotations

Branches:
Dungeon (4/15)
 Temple: D:4-7

Altars:
Dithmenos
Okawaru
Qazlal
Wu Jian


Innate Abilities, Weirdness & Mutations

You have large cloven feet.
You sometimes gain a little power by taking damage.


Message History

The magic dart hits you.
The orc priest invokes the aid of Beogh against you.
Something writhes in agony!
Something barely misses you.
The orc priest looks satisfied for a moment.
You miss something. You kick something. Something hits you but does no damage.
Something hits you.
The orc priest mumbles some strange prayers to Beogh against you.
Something writhes in agony!
Reactivating autopickup.
You feel a bit more experienced.
You feel less confused.
Deactivating autopickup; reactivate with Ctrl-A.
You miss something. Your kick misses something.
Something hits you but does no damage.
The orc priest calls down the wrath of Beogh upon you.
Something writhes in agony!
Reactivating autopickup.
You feel a bit more experienced.
Your life force feels restored.
You hit the orc priest but do no damage.
The orc priest invokes the aid of Beogh against you.
Pain shoots through your body!
You hit the orc priest but do no damage.
The orc priest closely misses you.
The orc priest invokes the aid of Beogh against you.
You barely resist.
You hit the orc priest but do no damage.
You kick the orc priest.
The orc priest is lightly wounded.
The orc priest misses you.
The orc priest calls down the wrath of Beogh upon you.
Beogh smites you!
* * * LOW HITPOINT WARNING * * *
The orc priest completely misses you. The orc priest closely misses you.
It was a potion of degeneration.
There was something very wrong with that liquid.
You feel weakened.
You feel dopey.
You feel clumsy.
The orc priest mumbles some strange prayers to Beogh against you.
Beogh smites you!
You die...

....#...#. ... .#
.......... ...# ##..
........## ....# #..
#........# #...###.##
##.#...#.. #......[##
#....###. #(.......##
#...# #. #...o....#####..#
#. #..)o@......##.. #.
#..............# ##.
.......#..###.......####..
.....####........ #.......
###. #........# ##...... #
##..##....# #....... #..##
#...###....... . ##..#
#.............
....#...####..........>..


You could see 2 orc priests.

Vanquished Creatures
  A necrophage (D:4)
  7 adders
  An ufetubus (D:4)
  3 worms
  A dart slug (D:4)
  6 orcs
  2 ball pythons
  3 endoplasms
  6 giant cockroaches
  A goblin (D:3)
  7 hobgoblins
  2 jackals (D:2)
  3 quokkas
  5 bats
  5 frilled lizards
  2 kobolds
  3 rats
58 creatures vanquished.

Vanquished Creatures (others)
  2 orc wizards (D:4)
  2 foxfires (D:2)
4 creatures vanquished.

Grand Total: 62 creatures vanquished

Notes
Turn   | Place    | Note
-------+----------+-------------------------------------------
     0 | D:1      | IdlyInterested the Demonspawn Wanderer began the quest for
                  | the Orb.
     0 | D:1      | IdlyInterested set off with the following items: a +0
                  | quarterstaff, a +0 cloak, a potion of heal wounds, a +0
                  | robe; and the following spells available to memorise: Magic
                  | Dart, Foxfire, Sticky Flame.
     0 | D:1      | Reached XP level 1. HP: 16/16 MP: 2/2
    19 | D:1      | Learned a level 1 spell: Magic Dart
   207 | D:1      | Gained mutation: You sometimes gain a little power by
                  | taking damage. [demonic ancestry]
   207 | D:1      | Reached XP level 2. HP: 22/22 MP: 0/3
   487 | D:1      | Found a faded altar of an unknown god.
   629 | D:1      | Learned a level 1 spell: Foxfire
   846 | D:2      | Reached XP level 3. HP: 17/27 MP: 1/4
   947 | D:2      | Identified the +4 chain mail of the Turtledove {rPois Will+
                  | rCorr}
  1095 | D:2      | Reached skill level 4 in Conjurations
  1333 | D:2      | Gained mutation: You have large cloven feet. [demonic
                  | ancestry]
  1333 | D:2      | Reached XP level 4. HP: 10/33 MP: 3/6
  1939 | D:3      | Reached skill level 1 in Throwing
  2096 | D:3      | Learned a level 1 spell: Foxfire
  2101 | D:3      | Learned a level 4 spell: Sticky Flame
  2333 | D:3      | Found an ornate altar of the Wu Jian Council.
  2546 | D:3      | Found a stormy altar of Qazlal.
  2548 | D:3      | Found a shadowy altar of Dithmenos.
  2691 | D:3      | Found an iron altar of Okawaru.
  2979 | D:3      | Upgraded the game from 0.30-a0-371-gad7725a93e to
                  | 0.30-a0-385-gfebfb9b408
  3067 | D:4      | Noticed a necrophage
  3151 | D:4      | Killed a necrophage
  3152 | D:4      | Reached skill level 1 in Armour
  3152 | D:4      | Reached XP level 5. HP: 25/37 MP: 7/9
  3386 | D:4      | Killed from afar by an orc priest

Illustrated notes

Levels and vault maps discovered:
D:1:      mrwooster_arrival_statue_2, layout_rooms,
          shapermc_ecumenical_altar_totnotflames
D:2:      layout_loops_ring
D:3:      layout_basic, nzn_wu_jian_contemplation, okawaru_gym_becter,
          mainiacjoe_overflow_alcove_3, serial_co_window_serial,
          co_window_paths_a, co_window_corner_a, co_window_paths_a,
          co_window_corner_a, co_window_corner_a, co_window_corner_ca,
          co_window_corner_ca, co_window_corner_b, co_window_broadway_c,
          st_stairs_13
D:4:      layout_layer_cave, lemuel_coloured_pillars_altar, serial_shops,
          nicolae_shop_behind_doors

Skill      XL: |  1  2  3  4 |
---------------+-------------+-----
Dodging        | 3 |  3.0
Conjurations   | 4 |  4.0
Staves         | 2 |  2.0
Throwing       | 1 |  1.0
Spellcasting   | 2 |  2.8
Armour         | 1 |  1.0
Fighting       | |  2.8
Stealth        | |  0.2

Action                   |  1- 3 |  4- 6 || total
-------------------------+-------+-------++-------
Melee: Quarterstaff      |    50 |    64 ||   114
       Kick              |       |    17 ||    17
Throw: Stone             |     7 |     2 ||     9
       Boomerang         |     2 |       ||     2
 Cast: Magic Dart        |    31 |    46 ||    77
       Foxfire           |     1 |       ||     1
  Use: Scroll            |     5 |     5 ||    10
       Potion            |     1 |     4 ||     5
 Stab: Sleeping          |     1 |       ||     1
Armor: Robe              |    15 |    19 ||    34
Dodge: Dodged            |    35 |    58 ||    93

Table legend: (Time is in decaauts)
 A = Elapsed time spent in this place.
 B = Non-inter-level travel time spent in this place.
 C = Inter-level travel time spent in this place.
 D = Time resting spent in this place.
 E = Time spent auto-exploring this place.
 F = Levels seen in this place.
 G = Mean time per level.
                   A        B        C        D        E       F      G
               +--------+--------+--------+--------+--------+-----+--------+
         Total |   3413 |   2954 |    459 |    450 |   1683 |   4 |  853.2 |
       Dungeon |   3413 |   2954 |    459 |    450 |   1683 |   4 |  853.2 |
               +--------+--------+--------+--------+--------+-----+--------+

Top non-repeatable levels by time:
     D:2: 1315 daAuts
     D:3: 1171 daAuts
     D:1: 664 daAuts
     D:4: 261 daAuts
